 Dungeon Crawl Stone Soup version 0.16.2-2-g470672f (webtiles) character file.

1444 dysrexia the Insei (level 8, -1/48 HPs)
             Began as an Octopode Transmuter on May 26, 2015.
             Was an Initiate of Dithmenos.
             Slain by an ice beast (9 damage)
             ... on level 6 of the Dungeon on Aug 22, 2015.
             The game lasted 00:30:58 (7133 turns).

dysrexia the Insei (Octopode Transmuter)            Turns: 7133, Time: 00:30:59

Health: -1/48      AC:  2    Str: 10    XL:     8   Next: 74%
Magic:  12/13      EV: 22    Int: 16    God:    Dithmenos [......]
Gold:   153        SH:  0    Dex: 18    Spells: 4 memorised, 1 level left

rFire  + . .     SeeInvis .       - Unarmed
rCold  . . .     Clarity  .     (shield currently unavailable)
rNeg   . . .     SustAb   .     (helmet currently unavailable)
rPois  x         Gourm    .     (no amulet)
rElec  .         Spirit   .     (no ring)
rCorr  .         Warding  .     k - ring of protection from fire
rMut   .         Stasis   .     (no ring)
MR     .....                    (no ring)
Stlth  +++.......               (no ring)
                                (no ring)
                                (no ring)
                                (no ring)

@: spider-form (expiring), not resistant to hostile enchantments, fairly
stealthy
A: almost no armour, amphibious, 8 rings, (constrict 8), (camouflage 0),
(gelatinous body 0)
a: End Transformation, Renounce Religion


You were on level 6 of the Dungeon.
You worshipped Dithmenos.
Dithmenos was noncommittal.
You were not hungry.
You were a venomous arachnid creature.
You visited 2 branches of the dungeon, and saw 7 of its levels.

You collected 153 gold pieces.

Inventory:

Hand weapons
 n - a +0 blowgun
Missiles
 b - 76 arrows
 c - 11 poisoned needles
 j - 65 stones (quivered)
 p - 5 curare-tipped needles
Armour
 l - a +0 shield
 y - a +0 buckler
Jewellery
 g - an uncursed amulet of resist corrosion {unknown}
 h - an uncursed ring of fire
 k - a ring of protection from fire (right front leg)
 x - an uncursed ring of protection from magic {unknown}
Scrolls
 e - a scroll of enchant weapon
 o - a scroll of remove curse
 r - a scroll of enchant armour {unknown}
 t - a scroll of teleportation
Potions
 f - 2 potions of might
 i - a potion of lignification
 w - a potion of cure mutation {unknown}
Books
 d - a book of Changes

   Spells                             Type                      Level
   a - Beastly Appendage              Transmutation                1
   b - Sticks to Snakes               Transmutation                2
   c - Spider Form                    Transmutation/Poison         3
   d - Ice Form                       Ice/Transmutation            4
   e - Blade Hands                    Transmutation                5
Comestibles
 a - 2 bread rations
 m - 2 meat rations


   Skills:
 - Level 1.0 Fighting
 + Level 4.0 Dodging
 - Level 4.5 Stealth
 - Level 7.5 Unarmed Combat
 - Level 2.0 Spellcasting
 + Level 6.6 Transmutations


You had one spell level left.
You knew the following spells:

 Your Spells              Type           Power        Failure   Level  Hunger
a - Beastly Appendage     Trmt           ###...       6%          1    #......
b - Sticks to Snakes      Trmt           ###.......   8%          2    ###....
c - Spider Form           Trmt/Pois      ##........   36%         3    ###....
d - Ice Form              Ice/Trmt       ##......     82%         4    #####..


Dungeon Overview and Level Annotations

Branches:
Dungeon (6/15)             Temple (1/1) D:4

Altars:
Cheibriados
Dithmenos
Elyvilon
Fedhas
Gozag
Kikubaaqudgha
Okawaru
Qazlal
Ru
Sif Muna
Vehumet
Zin
The Shining One

Annotations:
D:4 1 exclusion, Menkaure
D:6 Dowan, Duvessa, Edmund, Eustachio


Innate Abilities, Weirdness & Mutations

You cannot wear most types of armour.
You are amphibious.
You can wear up to eight rings at the same time.
((You can use your tentacles to constrict many enemies at once.))
((Your skin changes colour to match your surroundings (Stealth).))
((Your rubbery body absorbs attacks (AC +1).))


Message History

The ice beast misses you.
Prince Ribbit casts a spell.
Prince Ribbit looks slightly unstable.
You bite the ice beast!
The ice beast is heavily wounded.
You kill Prince Ribbit!
Dithmenos accepts your kill.
Your Dodging skill increases to level 4!
The ice beast barely misses you.
You hit the ice beast but do no damage.
The ice beast is heavily wounded.
The ice beast misses you.
You barely miss the ice beast.
The ice beast is heavily wounded.
The ice beast hits you. The ice beast freezes you!
* * * LOW HITPOINT WARNING * * *
The ice beast hits you.
* * * LOW HITPOINT WARNING * * *
The ice beast freezes you!
You die...

..§# #...##...... .......
..... #............ ......
...(..# ##...........
##..... ...(... #..........#
##......
.......###........##
##....... #.....##.......##
#........ . #....##....[.##
##........
#....#....#.....##
###......... #
#..........s#####..÷....##.#
####..#####Y.##...#....#####
##.# ###....####..# #.#
###.## #### ### ###


You could see an ice beast.

Vanquished Creatures
  Prince Ribbit (D:6)
  2 ogres (D:5)
  An orc warrior (D:5)
  An ice beast (D:6)
  5 killer bees (D:6)
  3 crimson imps
  3 orc priests
  3 hounds
  A centaur skeleton (D:3)
  4 orc wizards
  4 worker ants
  5 adders
  3 giant mites
  2 worms
  An adder skeleton (D:4)
  8 giant geckos
  17 orcs
  3 ball pythons
  8 giant cockroaches
  12 goblins
  11 hobgoblins
  10 jackals
  9 kobolds
  4 quokkas
  11 bats
  A giant gecko skeleton (D:5)
  6 giant newts
  2 quokka skeletons (D:5)
  8 rats
149 creatures vanquished.

Notes
Turn   | Place    | Note
--------------------------------------------------------------
     0 | D:1      | dysrexia, the Octopode Transmuter, began the quest for the Orb.
     0 | D:1      | Reached XP level 1. HP: 13/13 MP: 3/3
    36 | D:1      | Reached skill level 1 in Stealth
    88 | D:1      | Reached XP level 2. HP: 16/18 MP: 4/4
   584 | D:2      | Reached XP level 3. HP: 6/23 MP: 6/6
   584 | D:2      | HP: 1/23 [goblin/dagger of protection (4)]
   791 | D:2      | Learned a level 2 spell: Sticks to Snakes
   795 | D:2      | Learned a level 3 spell: Spider Form
   935 | D:2      | Found an ancient bone altar of Kikubaaqudgha.
  1636 | D:3      | Reached skill level 4 in Unarmed Combat
  1636 | D:3      | Reached XP level 4. HP: 18/28 MP: 7/7
  1757 | D:3      | Found a blossoming altar of Fedhas.
  2720 | D:3      | Reached XP level 5. HP: 8/33 MP: 9/9
  3341 | D:3      | Reached skill level 5 in Unarmed Combat
  3865 | D:4      | Found an opulent altar of Gozag.
  4189 | D:4      | Found a staircase to the Ecumenical Temple.
  4250 | Temple   | Entered the Ecumenical Temple
  4421 | D:4      | Noticed Menkaure
  4460 | D:5      | Entered Level 5 of the Dungeon
  4504 | D:5      | Reached XP level 6. HP: 28/38 MP: 10/10
  5191 | D:5      | Noticed an ogre
  5211 | D:5      | Killed an ogre
  5211 | D:5      | Reached skill level 6 in Unarmed Combat
  5489 | D:5      | Reached XP level 7. HP: 11/43 MP: 12/12
  6187 | D:5      | Reached skill level 7 in Unarmed Combat
  6245 | D:5      | Reached skill level 5 in Transmutations
  6269 | D:5      | Learned a level 4 spell: Ice Form
  6270 | D:5      | Upgraded the game from 0.16.1-28-gcc2312f to 0.16.1-51-g6203257
  6270 | D:5      | Upgraded the game from 0.16.1-51-g6203257 to 0.16.2-2-g470672f
  6277 | D:6      | Noticed Edmund
  6299 | D:6      | Noticed Duvessa
  6309 | D:6      | Noticed Dowan
  6323 | D:6      | Reached XP level 8. HP: 32/48 MP: 13/13
  6331 | D:6      | Noticed Eustachio
  6592 | D:6      | Found a shadowy altar of Dithmenos.
  6592 | D:6      | Found a white marble altar of Elyvilon.
  6593 | D:6      | Found an opulent altar of Gozag.
  6599 | D:6      | Found a glowing golden altar of the Shining One.
  6604 | D:6      | Found a deep blue altar of Sif Muna.
  6608 | D:6      | Found a snail-covered altar of Cheibriados.
  6639 | D:6      | Became a worshipper of Dithmenos the Shadowed
  7112 | D:6      | Noticed Prince Ribbit
  7130 | D:6      | Killed Prince Ribbit
  7133 | D:6      | Slain by an ice beast

Action                   |  1- 3 |  4- 6 |  7- 9 || total
-------------------------+-------+-------+-------++-------
Melee: Unarmed           |    83 |   159 |   126 ||   368
 Fire: Blowgun           |       |    29 |     9 ||    38
Throw: Stone             |       |    19 |     9 ||    28
 Cast: Sticks to Snakes  |     2 |     1 |       ||     3
       Beastly Appendage |       |     7 |     3 ||    10
       Spider Form       |       |       |     3 ||     3
  Use: Scroll            |     2 |     5 |     4 ||    11
       Potion            |     1 |       |     4 ||     5
 Stab: Sleeping          |     7 |    11 |     2 ||    20
       Distracted        |       |     2 |       ||     2
  Eat: Chunk             |     2 |    13 |     4 ||    19
       Beef jerky        |       |       |     1 ||     1
